 Dungeon Crawl Stone Soup version 0.26.1-2-gb8aa6d0cf2 (webtiles) character file.

Game seed: 3170076407584349585

73 MalarOregon the Sneak (level 4, -1/31 HPs)
             Began as a Halfling Wanderer on Mar 30, 2021.
             Was an Initiate of Kikubaaqudgha.
             Slain by Natasha (9 damage)
             ... on level 2 of the Dungeon.
             The game lasted 00:04:13 (2006 turns).

MalarOregon the Sneak (Halfling Wanderer)           Turns: 2006, Time: 00:04:13

Health: -1/31      AC:  2    Str: 14    XL:     4   Next: 51%
Magic:  3/4        EV: 14    Int: 11    God:    Kikubaaqudgha [......]
Gold:   74         SH:  4    Dex: 12    Spells: 2/3 levels left

rFire    . . .     SeeInvis .   a - +0 short sword
rCold    . . .     Faith    .   j - +0 buckler
rNeg     . . .     Spirit   .   d - +0 robe
rPois    .         Reflect  .   (no helmet)
rElec    .         Harm     .   (no cloak)
rCorr    .         Rampage  .   (no gloves)
Will     .....                  (no boots)
Stlth    ++........             (no amulet)
HPRegen  0.10/turn              (no ring)
MPRegen  0.09/turn              (no ring)

@: no status effects
A: small, mutation resistance 1
a: Renounce Religion


You were on level 2 of the Dungeon.
You worshipped Kikubaaqudgha.
Kikubaaqudgha was noncommittal.
You visited 1 branch of the dungeon, and saw 2 of its levels.

You collected 74 gold pieces.

Inventory:

Hand Weapons
 a - a +0 short sword (weapon)
 b - a +0 hunting sling
   (You found it on level 1 of the Dungeon)
Missiles
 g - 28 stones
Armour
 d - a +0 robe (worn)
 e - a +0 kite shield
 j - a +0 buckler (worn)
   (You found it on level 1 of the Dungeon)
Scrolls
 f - a scroll of immolation {unknown}
 k - a scroll of identify {unknown}
 l - a scroll of remove curse {unknown}
Potions
 c - a potion of curing {@q1}
 h - a potion of haste {unknown}
 i - a potion of mutation {unknown}


   Skills:
 + Level 3.0 Fighting
 * Level 2.9 Short Blades
 + Level 1.0 Armour
 + Level 2.6 Dodging
 + Level 3.6 Stealth
 + Level 1.8 Shields
 + Level 0.0 Necromancy


You had 2 spell levels left.
You knew the following spells:

 Your Spells              Type           Power        Failure   Level
u - Animate Skeleton      Necr           0%           45%         1

Your spell library contained the following spells:

 Spells                   Type           Power        Failure   Level
 Apportation              Tloc           0%           45%         1
 Corona                   Hex            0%           45%         1
 Summon Small Mammal      Summ           0%           45%         1


Dungeon Overview and Level Annotations

Branches:
Dungeon (2/15)

Altars:
Kikubaaqudgha

Annotations:
D:2 Natasha


Innate Abilities, Weirdness & Mutations

You are small and have problems with some larger weapons.
You are somewhat resistant to further mutation.


Message History

You kill Natasha!
Natasha yowls pathetically as she dies!
Your Armour skill increases to level 1!
You see here the felid corpse of Natasha.
g - 26 stones (gained 1)
g - 27 stones (gained 1)
g - 28 stones (gained 1) Search for what [Enter for "."]? .
There is an ancient bone altar of Kikubaaqudgha here.
There are no items here.
You kneel at the altar of Kikubaaqudgha.
Kikubaaqudgha welcomes you!
You offer a prayer to Kikubaaqudgha.
Unknown command.
Press < or > to pray at altars.
You offer a prayer to Kikubaaqudgha.
Unknown command.
Press < or > to pray at altars.
Unknown command.
Press < or > to pray at altars.
Okay, then.
Memorise Animate Skeleton, consuming 1 spell level and leaving 2?
You start memorising the spell.
You continue memorising.
You finish memorising.
Spell assigned to 'u'.
Natasha, Servant of Life and Death comes into view.
Unknown command.
Natasha closely misses you.
Natasha mumbles some strange words.
Natasha mumbles some strange words.
Natasha's front paws start to glow.
You see here the felid corpse of Natasha.
You attempt to give life to the dead...
Before your eyes, flesh is ripped from the corpse!
The dead are walking!
Natasha misses you.
You miss Natasha. Natasha claws you. The shadow imp barely misses you.
You hit Natasha. Natasha barely misses you. You block the shadow imp's attack.
You hit Natasha but do no damage.
Natasha closely misses Natasha.
Natasha mumbles some strange words.
The shadow imp hits you.
You hit Natasha. Natasha misses you.
Natasha claws Natasha.
The shadow imp hits you.
You hit Natasha but do no damage.
Natasha casts a spell.
Natasha barely misses Natasha.
You closely miss Natasha. Natasha completely misses you.
Natasha claws Natasha.
You closely miss Natasha. Natasha claws you. The iron imp hits you!
* * * LOW HITPOINT WARNING * * *
You closely miss Natasha.
Natasha misses Natasha.
Natasha claws you!
You die...
Kikubaaqudgha rasps: "You have failed me!
Welcome... death!"

## .....⌠..... #..##
..<........
#....######.....⌠.....
######.##...#..#...........
.......###...###..⌠.......
........#......##......)..
............##.###....)..
###.####..#####.#.........
##.....##Z@#####...........
#.......#.h55..............
...#.......#..5.###...........
......._.....##..##...........
...#.......#.###.##...........
#.......#.# #..............
##.....##.# #..............
###.####..................
.... ......#..#.#...#...


You could see an iron imp (summoned), Natasha, a crimson imp (summoned), a
shadow imp (summoned) and the friendly Natasha the felid skeleton.

Vanquished Creatures
  Natasha (D:2)
  A gnoll (D:1)
  A dart slug (D:1)
  7 bats
  5 giant cockroaches
  5 goblins
  5 hobgoblins (D:1)
  2 jackals (D:1)
  3 kobolds (D:1)
  4 rats (D:1)
34 creatures vanquished.

Notes
Turn   | Place    | Note
-------+----------+-------------------------------------------
     0 | D:1      | MalarOregon the Halfling Wanderer began the quest for the
                  | Orb.
     0 | D:1      | MalarOregon set off with the following items: a +0 short
                  | sword, a +0 kite shield, a potion of curing {@q1}, a +0
                  | robe, a +0 dagger
     0 | D:1      | Reached XP level 1. HP: 15/15 MP: 1/1
   195 | D:1      | Reached XP level 2. HP: 20/20 MP: 2/2
   586 | D:1      | Reached XP level 3. HP: 16/25 MP: 3/3
  1770 | D:2      | Reached XP level 4. HP: 16/31 MP: 4/4
  1954 | D:2      | Found an ancient bone altar of Kikubaaqudgha.
  1955 | D:2      | Noticed Natasha
  1965 | D:2      | Killed Natasha
  1966 | D:2      | Reached skill level 1 in Armour
  1988 | D:2      | Became a worshipper of Kikubaaqudgha
  1991 | D:2      | Learned a level 1 spell: Animate Skeleton
  1993 | D:2      | Noticed Natasha
  2006 | D:2      | Slain by Natasha

Illustrated notes

Levels and vault maps discovered:
D:1:      dpeg_arrival_shrine, layout_basic, patterned_corridor
D:2:      layout_rooms, old_standard_altar, grunt_ministairs_9, uniq_sigmund,
          uniq_crazy_yiuf_cottage, uniq_natasha

Skill      XL: |  1  2  3  4 |
---------------+-------------+-----
Short Blades   | 2 |  2.9
Fighting       | 3 |  3.0
Armour         | 1 |  1.0
Dodging        | |  2.6
Stealth        | |  3.6
Shields        | |  1.8

Action                   |  1- 3 |  4- 6 || total
-------------------------+-------+-------++-------
Melee: Short sword       |   142 |    10 ||   152
 Fire: Hunting sling     |       |     4 ||     4
 Cast: Animate Skeleton  |       |     1 ||     1
 Stab: Sleeping          |     4 |       ||     4
Armor: Robe              |    22 |       ||    22
Dodge: Dodged            |    87 |     8 ||    95
Block: Kite shield       |    39 |       ||    39
       Buckler           |     8 |     1 ||     9
